 Dungeon Crawl Stone Soup version 0.31-a0-190-g4feb4907b2 (webtiles) character file.

Game seed: 14381104383691772951

145 qw the Skirmisher (level 5, -5/29 HPs)
             Began as a Deep Elf Hunter on June 23, 2023.
             Slain by a kobold brigand
             ... wielding a +0 short sword
              (6 damage)
             ... on level 6 of the Dungeon.
             The game lasted 00:00:39 (1376 turns).

qw the Skirmisher (Deep Elf Hunter)                 Turns: 1376, Time: 00:00:40

Health: -5/29      AC:  5    Str: 10    XL:     5   Next: 6%
Magic:  7/7        EV: 11    Int: 14    God:
Gold:   128        SH:  0    Dex: 18    Spells: 4/4 levels left

rFire   . . .        Y - +0 shortbow (flame)
rCold   . . .        (shield currently unavailable)
rNeg    . . .        g - +0 ring mail
rPois   .            (no helmet)
rElec   .            (no cloak)
rCorr   .            (no gloves)
SInv    .            (no boots)
Will    .....        (no amulet)
Stlth   +            (no ring)
HPRegen 0.24/turn    (no ring)
MPRegen 0.10/turn

%: no passive effects
@: slowed, very slow
A: no striking features
a: no special abilities


You were on level 6 of the Dungeon.
You visited 1 branch of the dungeon, and saw 4 of its levels.

You collected 128 gold pieces.


   Skills:
 - Level 1.5 Fighting
 + Level 8.4 Ranged Weapons
 - Level 2.4 Dodging
 - Level 1.2 Stealth


You had 4 spell levels left.
You didn't know any spells.
Your spell library was empty.

Inventory:

Hand Weapons
 Y - a +0 shortbow of flaming (weapon)
Armour
 g - a +0 ring mail (worn)
Scrolls
 a - a scroll of identify
Potions
 b - a potion of curing {unknown}
 f - a potion of haste {unknown}
 h - a potion of heal wounds {unknown}

Dungeon Overview and Level Annotations

Branches:
Dungeon (3/15)

Altars:
Kikubaaqudgha
Sif Muna
Vehumet


Message History

You kill the kobold!
You shoot an arrow. The arrow hits the kobold!
The arrow burns the kobold.
You kill the kobold!
1369 ||| Stepping ~*~*~tactically~*~*~ (outnumbered).
You shoot an arrow. The arrow hits the kobold brigand.
The arrow burns the kobold brigand.
The kobold brigand is moderately wounded.
The kobold brigand throws a curare-tipped dart.
The curare-tipped dart completely misses you.
You shoot an arrow. The arrow barely misses the kobold.
The kobold brigand throws a curare-tipped dart.
The curare-tipped dart hits you.
You are poisoned.
You have difficulty breathing.
You feel yourself slow down.
The kobold throws a stone.
The stone closely misses you.
You shoot an arrow. The arrow closely misses the kobold.
You feel very sick. The kobold hits you but does no damage.
You shoot an arrow. The arrow closely misses the kobold.
The arrow hits the kobold brigand.
The arrow burns the kobold brigand.
The kobold brigand is moderately wounded.
You feel very sick.
You shoot an arrow.
The arrow barely misses the kobold brigand.
You feel sick.
The kobold brigand hits you with a +0 short sword!
The kobold hits you with a +0 whip.
You shoot an arrow. The arrow hits the kobold brigand.
The arrow burns the kobold brigand.
The kobold brigand is severely wounded.
You feel sick.
The kobold brigand hits you with a +0 short sword.
The kobold hits you but does no damage. The kobold brigand barely misses you.
The kobold barely misses you.
You shoot an arrow.
The arrow barely misses the kobold brigand.
You feel sick.
You are no longer poisoned.
The kobold brigand hits you with a +0 short sword.
You die...

####### ######.....#
###.....K###.# #
###...###@K....#
#8##...##8####).###
#...#.}.#...#.%.....#
#_........._#...#####
#...##.##...#...#
##8##...##8##....
###8.:.8###..)...
##._.## $....? #####
.K......


You could see a kobold brigand and a kobold.

Vanquished Creatures
  2 hounds
  4 adders
  2 dart slugs (D:2)
  7 bats
  6 endoplasms
  5 goblins
  3 hobgoblins
  5 jackals
  A quokka (D:2)
  4 ball pythons
  2 frilled lizards
  7 kobolds
  A rat (D:1)
49 creatures vanquished.

Notes
Turn   | Place    | Note
-------+----------+-------------------------------------------
     0 | D:1      | qw the Deep Elf Hunter began the quest for the Orb.
     0 | D:1      | Reached XP level 1. HP: 12/12 MP: 3/3
     0 | D:1      | 0 ||| qw: Version: 0.3-a-9-g12657ce
     0 | D:1      | 0 ||| qw: Game counter: 4480
     0 | D:1      | 0 ||| qw: Always use a shield: true
     0 | D:1      | 0 ||| qw: God list: Okawaru
     0 | D:1      | 0 ||| qw: Allow faded altars: false
     0 | D:1      | 0 ||| qw: Do Orc after D:15 true
     0 | D:1      | 0 ||| qw: Do second Lair branch before Depths: true
     0 | D:1      | 0 ||| qw: Lair rune preference: random
     0 | D:1      | 0 ||| qw: Plans: Normal
     0 | D:1      | 0 ||| PLANNING D:1-11
   177 | D:1      | Reached XP level 2. HP: 16/16 MP: 4/4
   183 | D:1      | Reached skill level 6 in Ranged Weapons
   411 | D:1      | 411 ||| UPGRADING to +0 ring mail.
   421 | D:1      | 421 ||| DROPPING +0 leather armour.
   422 | D:1      | 422 ||| DROPPING amulet of magic regeneration.
   423 | D:1      | 423 ||| READING 2 scrolls labelled SIURAKHL KOXKOO.
   424 | D:1      | 424 ||| READING scroll of brand weapon.
   424 | D:1      | 424 ||| BRANDING +0 shortbow of freezing.
   425 | D:1      | 425 ||| READING scroll labelled KAEBOU GUNKOW.
   426 | D:1      | 426 ||| READING scroll labelled JEUCSA XUWK.
   427 | D:1      | 427 ||| DROPPING scroll of butterflies.
   534 | D:2      | Reached XP level 3. HP: 20/20 MP: 5/5
   659 | D:2      | Reached skill level 7 in Ranged Weapons
   857 | D:2      | Reached XP level 4. HP: 25/25 MP: 6/6
  1182 | D:2      | 1182 ||| READING 2 scrolls labelled OKKYSM FUGIA.
  1183 | D:2      | 1183 ||| READING scroll labelled DEORIM UTRI.
  1184 | D:2      | 1184 ||| READING 3 scrolls of identify.
  1184 | D:2      | 1184 ||| IDENTIFYING amethyst potion
  1185 | D:2      | 1185 ||| READING 2 scrolls of identify.
  1185 | D:2      | 1185 ||| IDENTIFYING grey potion
  1186 | D:2      | 1186 ||| DROPPING scroll of fear.
  1187 | D:2      | 1187 ||| DROPPING potion of magic.
  1188 | D:2      | 1188 ||| DROPPING potion of lignification.
  1220 | D:3      | Found a faded altar of an unknown god.
  1248 | D:3      | Reached skill level 8 in Ranged Weapons
  1326 | D:3      | You fall into a shaft and drop 3 floors!
  1327 | D:6      | Found a radiant altar of Vehumet.
  1327 | D:6      | Found an ancient bone altar of Kikubaaqudgha.
  1329 | D:6      | Found a shimmering blue altar of Sif Muna.
  1356 | D:6      | Reached XP level 5. HP: 29/29 MP: 7/7
  1363 | D:6      | 1363 ||| Stepping ~*~*~tactically~*~*~ (outnumbered).
  1369 | D:6      | 1369 ||| Stepping ~*~*~tactically~*~*~ (outnumbered).
  1374 | D:6      | HP: 6/29 [kobold brigand/+0 short sword (9)]
  1375 | D:6      | HP: 2/29 [kobold brigand/+0 short sword (1)]
  1376 | D:6      | Slain by a kobold brigand

Levels and vault maps discovered:
D:1:      lemuel_arrival_funnel, layout_rooms
D:2:      layout_basic, minmay_hedge_maze, minmay_goblin_kobold_house
D:3:      layout_rooms, gammafunk_ghost_grave, nicolae_ecumenical_pavilion
D:6:      layout_basic, grunt_temple_overflow_magic_moments,
          nicolae_uskayaw_dance_studio, uniq_menkaure

Skill      XL: |  1  2  3  4 |
---------------+-------------+-----
Ranged Weapons | 6 7 8 |  8.4
Fighting       | |  1.5
Dodging        | |  2.4
Stealth        | |  1.2

Action                     |  1- 3 |  4- 6 || total
---------------------------+-------+-------++-------
   Fire: Shortbow          |    96 |    51 ||   147
    Use: Scroll            |     4 |     4 ||     8
 Armour: Leather armour    |     8 |       ||     8
         Ring mail         |     6 |     7 ||    13
  Dodge: Dodged            |    27 |    14 ||    41

Table legend:
 A = Non-vault XP
 B = Vault XP
 C = Vault XP percentage of total XP
 D = Non-vault monster count
 E = Vault monster count
 F = Vault count percentage of total count
                 A         B        C        D         E       F
            +---------+---------+-------+---------+---------+-------
      Total |     204 |       4 |   1.9 |      46 |       3 |   6.1
            +---------+---------+-------+---------+---------+-------
        D:1 |      32 |       0 |   0.0 |      19 |       0 |   0.0
        D:2 |      64 |       4 |   5.9 |      15 |       3 |  16.7
        D:3 |      62 |       0 |   0.0 |       6 |       0 |   0.0
        D:6 |      46 |       0 |   0.0 |       6 |       0 |   0.0
            +---------+---------+-------+---------+---------+-------
